Map: Prion Terraces

Players

Polt - Winner!

  • Race: Terran Terran

Snute

  • Race: Zerg Zerg

Event: 2016 WCS Winter Circuit Championship

VOD

Have the link to the VOD?

Description

Time

  • Played on: March 5, 2016, 9:12 a.m.
  • Length: 7:15

All games in this series

Show
View Real Time Build Order
Export as new Build Order

Polt Terran - Winner!

Build Orders: Command Center First (CC), MMM Bio 

Get SALT Encoding   

  12  0:00  SCV  
  13  0:13  SCV  
  14  0:17  Supply Depot  
  14  0:25  SCV  
  15  0:38  SCV  
  16  0:50  SCV  
  17  0:58  Command Center  
  17  1:02  SCV  
  18  1:12  Barracks  
  18  1:15  SCV  
  19  1:27  SCV  
  19  1:29  Barracks  
  20  1:39  SCV  
  21  1:40  Refinery  
  21  1:51  SCV  
  21  1:52  Refinery  
  22  1:58  Marine  
  23  2:03  Orbital Command  
  23  2:10  Orbital Command  
  23  2:18  Bunker  
  23  2:20  Marine  
  24  2:22  Marine  
  24  2:28  SCV  
  26  2:37  Factory  
  26  2:38  SCV  
  26  2:40  SCV  
  28  2:47  Barracks Reactor  
  28  2:48  Barracks Tech Lab  
  28  2:50  SCV  
  29  2:53  SCV  
  30  2:59  Barracks  
  30  3:03  SCV  
  30  3:05  SCV  
  32  3:07  Engineering Bay  
  32  3:08  Marine  
  32  3:09  Stimpack  
  33  3:16  Supply Depot  
  33  3:18  Supply Depot  
  33  3:20  SCV x2  
  35  3:29  Hellion, Marine  
  35  3:33  Barracks Reactor  
  38  3:35  Terran Infantry Weapons Level 1  
  38  3:38  Hellion  
  40  3:47  Barracks Tech Lab  
  40  3:48  Marauder  
  43  3:50  Hellion  
  43  3:54  Supply Depot  
  44  3:57  Supply Depot  
  44  3:59  Hellion  
  46  4:06  Marauder, Combat Shields  
  48  4:11  Marauder, Marine x2  
  48  4:13  Hellion  
  48  4:16  Supply Depot  
  54  4:19  Supply Depot  
  54  4:21  Hellion  
  56  4:30  Marauder, Marine x2  
  60  4:32  Marauder  
  60  4:34  Supply Depot  
  60  4:36  Hellion  
  64  4:40  Armory  
  64  4:42  Hellion  
  66  4:50  Marine x2  
  66  4:51  Marauder  
  70  4:54  Marauder  
  70  4:58  Hellion  
  74  5:04  Hellion  
  76  5:09  Marine x2  
  76  5:10  Supply Depot  
  76  5:13  Marauder  
  80  5:15  Marauder  
  80  5:19  Hellion  
  84  5:24  Starport  
  84  5:25  Hellion  
  84  5:26  Supply Depot  
  86  5:30  Marine  
  86  5:31  Marine  
  86  5:34  Marauder  
  90  5:36  Marauder  
  92  5:43  Hellion  
  92  5:46  Hellion  
  84  5:51  Marine x2  
  84  5:55  Marauder  
  88  5:58  Marauder  
  88  6:04  Medivac  
  88  6:06  Hellion  
  88  6:09  Marine x2  
  88  6:10  Hellion  
  94  6:17  Marauder  
  86  6:19  Marauder  
  86  6:27  Hellion, Marine x2  
  86  6:31  Hellion  
  84  6:34  Medivac  
  84  6:35  Refinery x2, SCV x2  
  84  6:38  Marauder  
  83  6:41  Marauder  
  83  6:44  Marine  
  83  6:45  Marine  
  85  6:51  Hellion  
  85  6:53  Hellion  
  89  7:01  SCV x2  
Show
View Real Time Build Order
Export as new Build Order

Snute Zerg 

Build Orders: Hatch First 

Get SALT Encoding   

  12  0:00  Drone  
  13  0:12  Overlord  
  13  0:17  Drone  
  14  0:30  Drone x2  
  14  0:34  Drone  
  17  0:51  Hatchery  
  17  0:54  Drone  
  17  0:58  Drone  
  17  1:01  Extractor  
  17  1:14  Spawning Pool  
  17  1:16  Drone  
  17  1:19  Drone  
  18  1:27  Drone  
  19  1:38  Overlord  
  19  2:00  Queen, Zergling x2  
  19  2:01  Metabolic Boost, Zergling x2  
  23  2:03  Queen  
  25  2:10  Overlord  
  25  2:21  Drone x3  
  28  2:26  Drone  
  29  2:33  Drone  
  30  2:37  Drone  
  30  2:43  Drone  
  32  2:46  Drone  
  33  2:56  Hatchery, Drone  
  33  2:57  Drone  
  34  3:05  Drone  
  35  3:08  Drone x2  
  35  3:09  Drone x2  
  35  3:11  Drone  
  40  3:12  Drone  
  40  3:16  Overlord  
  40  3:19  Drone  
  41  3:21  Overlord  
  41  3:26  Overlord  
  41  3:32  Overlord  
  41  3:36  Extractor  
  41  3:37  Roach Warren  
  41  3:39  Queen  
  41  3:49  Queen  
  43  3:56  Zergling x2  
  43  3:58  Drone x2  
  43  3:59  Drone  
  43  4:02  Spore Crawler  
  46  4:03  Spore Crawler, Drone  
  46  4:09  Queen  
  48  4:14  Queen  
  50  4:18  Roach x4  
  50  4:19  Roach  
  50  4:21  Roach  
  62  4:26  Queen  
  64  4:31  Drone  
  64  4:32  Drone x3  
  64  4:34  Drone  
  64  4:36  Drone  
  70  4:39  Drone  
  70  4:40  Drone  
  70  4:43  Ravager x2  
  70  4:45  Overlord  
  74  4:52  Spore Crawler, Drone  
  74  4:59  Overlord  
  74  5:02  Overlord  
  74  5:04  Queen, Drone x3  
  79  5:08  Ravager  
  79  5:10  Roach  
  82  5:14  Overlord x2  
  82  5:21  Overlord  
  82  5:22  Overlord  
  82  5:26  Overlord  
  82  5:27  Queen x2  
  84  5:36  Roach x6  
  84  5:39  Roach x2  
  84  5:52  Roach  
  84  5:53  Roach x6  
  84  5:55  Roach  
  89  5:57  Ravager  
  90  6:04  Roach x3  
  90  6:07  Roach  
  90  6:09  Roach  
  85  6:14  Roach  
  85  6:18  Zergling x8  
  76  6:20  Queen x2  
  76  6:24  Roach  
  68  6:30  Roach  
  60  6:33  Roach  
  60  6:35  Zergling x2  
  61  6:43  Zergling x2  
  61  6:44  Zergling x8  
  61  6:45  Ravager  
  67  6:49  Roach  
Tags
 
Add a new tag
Caveats
  • Supply blocks, unpowered buildings, or Contaminate may cause inaccurate times.
  • Supply counts are checked every 10 seconds.